 Dungeon Crawl Stone Soup version 0.23-a0-402-g64599a1 (webtiles) character file.

359 MisterFreud the Sneak (level 6, -5/53 HPs)
             Began as a Naga Fire Elementalist on Nov 4, 2018.
             Killed from afar by Ijyb (8 damage)
             ... with a wand of flame (24)
             ... on level 4 of the Dungeon.
             The game lasted 00:11:33 (3871 turns).

MisterFreud the Sneak (Naga Fire Elementalist)      Turns: 3871, Time: 00:11:34

Health: -5/53      AC:  4    Str: 14 (15) XL:     6   Next: 65%
Magic:  5/9        EV:  9    Int: 15 (17) God:
Gold:   107        SH:  0    Dex:  9 (12) Spells: 1/9 levels left

rFire    . . .     SeeInvis +   g - +1 dagger
rCold    . . .     Gourm    .   (no shield)
rNeg     . . .     Faith    .   a - +0 robe
rPois    +         Spirit   .   e - +0 helmet
rElec    .         Reflect  .   s - scarf {repulsion}
rCorr    .         Harm     .   (no gloves)
MR       .....                  (no barding)
Stlth    +++.......             (no amulet)
HPRegen  0.17/turn              (no ring)
MPRegen  0.11/turn              (no ring)

@: mighty, about to teleport, very slightly contaminated, drained, repel
missiles, very slow
A: large, see invisible, deformed body, poison resistance, robust 1, slowness 2,
slow metabolism 1, spit poison 1, subdued magic 1, AC +2
a: Spit Poison


You were on level 4 of the Dungeon.
You were near starving.

You visited 1 branch of the dungeon, and saw 4 of its levels.

You collected 107 gold pieces.

Inventory:

Hand Weapons
 g - a +1 dagger (weapon)
Missiles
 d - 45 stones (quivered)
 h - 27 sling bullets
 m - 20 poisoned needles
 o - 16 bolts
Armour
 a - a +0 robe (worn)
 e - a +0 helmet (worn)
 s - a scarf of repulsion (worn)
 v - the +2 chain mail "Vixidd" {+Blink MR+, unknown}
   (You found it on level 3 of the Dungeon)

   It affects your resistance to hostile enchantments.
   It lets you blink.
Magical Staves
 y - an uncursed staff of conjuration {unknown}
Scrolls
 b - a scroll of teleportation
 f - a scroll of immolation
 j - a scroll of fear
 p - a scroll of enchant weapon
 r - 2 scrolls of remove curse
Potions
 l - 2 potions of brilliance
 n - 2 potions of flight
Comestibles
 c - 8 rations


   Skills:
 - Level 1.5(0.8) Dodging
 - Level 6.2(5.4) Stealth
 - Level 2.0(1.3) Spellcasting
 - Level 5.0(4.2) Conjurations
 + Level 3.8(3.0) Fire Magic


You had one spell level left.
You knew the following spells:

 Your Spells              Type           Power        Failure   Level  Hunger
a - Flame Tongue          Conj/Fire      #....        4%          1    ##.....
b - Conjure Flame         Conj/Fire      #.......     13%         3    ####...
c - Sticky Flame          Conj/Fire      #.......     43%         4    #####..

Your spell library contained the following spells:

 Spells                   Type           Power        Failure   Level  Hunger
 Throw Flame              Conj/Fire      #.....       7%          2    ###....
 Inner Flame              Hex/Fire       #.......     32%         3    ####...
 Fireball                 Conj/Fire      #.........   80%         5    ######.


Dungeon Overview and Level Annotations

Branches:
Dungeon (4/15)
 Temple: D:4-7

Altars:
Fedhas
Hepliaklqana
Nemelex Xobeh
Qazlal
Ru
Wu Jian

Annotations:
D:4 Grinder, Ijyb


Innate Abilities, Weirdness & Mutations

You cannot wear boots.
Your serpentine skin is tough. (AC +2)
You have supernaturally acute eyesight. (SInv)
Armour fits poorly on your strangely shaped body.
Your system is resistant to poisons. (rPois)
You cover ground very slowly.
You have a slow metabolism.
You can spit poison.
You are robust. (+10% HP)
Your spells are a little easier to cast, but a little less powerful.


Message History

Casting: Flame Tongue (safe; 4% risk of failure)
Confirm with . or Enter, or press ? or * to list all spells.
Aiming: Sticky Flame (quite dangerous; 43% risk of failure)
Press: ? - help, Shift-Dir - straight line, f/p - Ijyb
Aim: Ijyb, wearing a +0 leather armour and carrying a wand of flame (24)
You miscast Sticky Flame.
You are very lightly contaminated with residual magic.
A wave of violent energy washes through your body!
* * * LOW HITPOINT WARNING * * *
You are near starving!
Ijyb hits you.
* * * LOW HITPOINT WARNING * * *
Blink to where?
Press: ? - help, Dir - move target cursor, p - Ijyb
As you read the scroll of blinking, it crumbles to dust.
As you read the scroll of teleportation, it crumbles to dust.
You feel strangely unstable.
You have got your breath back.
Ijyb zaps a wand.
The puff of flame hits you!
You die...

####.##### #...#
####? #...#
.....#...# ##...##
... ....# #.....l
#.####...###..####
#.#...........# ##
#.#...........#...
#.#...)...l.......
#@##.#....##..#.##
#.......g.##.... .
####.#.......... #
#.......#.#.# #
#.####..#.# # #
..# ..# ###


You could see Ijyb.

Vanquished Creatures
  Sigmund (D:2)
  An ogre (D:4)
  A bullfrog skeleton (D:4)
  3 adders
  3 worms
  3 orcs
  A giant cockroach (D:1)
  11 goblins
  6 hobgoblins
  3 jackals
  A quokka (D:2)
  A ball python (D:3)
  3 bats
  A frilled lizard (D:3)
  8 kobolds
  5 rats
52 creatures vanquished.

Vanquished Creatures (others)
  A plant (D:2)
1 creature vanquished.

Grand Total: 53 creatures vanquished

Notes
Turn   | Place    | Note
-------+----------+-------------------------------------------
     0 | D:1      | MisterFreud the Naga Fire Elementalist began the quest for
                  | the Orb.
     0 | D:1      | Reached XP level 1. HP: 15/15 MP: 3/3
   675 | D:1      | Reached skill level 4 in Stealth
   745 | D:1      | Reached XP level 2. HP: 22/22 MP: 5/5
  1214 | D:2      | Found a hazy altar of Hepliaklqana.
  1217 | D:2      | Found a blossoming altar of Fedhas.
  1220 | D:2      | Found a sacrificial altar of Ru.
  1223 | D:2      | Found an ornate altar of the Wu Jian Council.
  1266 | D:2      | Reached skill level 5 in Stealth
  1369 | D:2      | Reached XP level 3. HP: 28/28 MP: 6/6
  1447 | D:2      | Learned a level 3 spell: Conjure Flame
  1607 | D:2      | You fall through a shaft for 2 floors!
  1751 | D:3      | Reached skill level 6 in Stealth
  2369 | D:2      | Noticed Sigmund
  2377 | D:2      | Killed Sigmund
  2377 | D:2      | Reached XP level 4. HP: 36/36 MP: 4/7
  2377 | D:2      | Reached XP level 5. HP: 42/42 MP: 4/8
  2778 | D:3      | Got a jewelled chain mail
  2978 | D:3      | Reached XP level 6. HP: 46/49 MP: 6/9
  3372 | D:3      | Learned a level 4 spell: Sticky Flame
  3435 | D:4      | Found a stormy altar of Qazlal.
  3512 | D:4      | Found a sparkling altar of Nemelex Xobeh.
  3789 | D:4      | Noticed Grinder
  3796 | D:4      | Reached skill level 5 in Conjurations
  3852 | D:4      | Paralysed by Grinder for 6 turns
  3862 | D:4      | Noticed Ijyb
  3867 | D:4      | Gained mutation: Your spells are a little easier to cast,
                  | but a little less powerful. [potion of mutation]
  3867 | D:4      | Gained mutation: You are robust. (+10% HP) [potion of
                  | mutation]
  3869 | D:4      | HP: 2/53 [Ijyb (2)]
  3871 | D:4      | Killed from afar by Ijyb

Vault maps used:
D:1:      lemuel_arrival_muddy
D:2:      wad_lake_hut, grunt_temple_overflow_cloverleaf, uniq_sigmund
D:3:      kb_forest_paths, minmay_vboxes
D:4:      kennysheep_little_box, kennysheep_mini_moat, first_ration, uniq_ijyb,
          uniq_grinder

Skill      XL: |  1  2  3  4  5  6 |
---------------+-------------------+-----
Stealth        | 4 5 6 |  6.2
Conjurations   | 4 5 |  5.0
Dodging        | |  1.5
Spellcasting   | |  2.0
Fire Magic     | |  3.8

Action                   |  1- 3 |  4- 6 || total
-------------------------+-------+-------++-------
Melee: Dagger            |    25 |    13 ||    38
       Hand axe          |     1 |       ||     1
 Cast: Flame Tongue      |    28 |    36 ||    64
 Abil: Spit Poison       |    28 |    14 ||    42
  Use: Potion            |     1 |     7 ||     8
       Scroll            |       |    13 ||    13
 Stab: Sleeping          |     5 |     1 ||     6
  Eat: Chunk             |     3 |     4 ||     7
       Ration            |     1 |       ||     1
Armor: Skin              |    13 |     3 ||    16
       Robe              |     7 |     5 ||    12
Dodge: Dodged            |    25 |    20 ||    45

Table legend:
 A = Non-vault XP
 B = Vault XP
 C = Vault XP percentage of total XP
 D = Non-vault monster count
 E = Vault monster count
 F = Vault count percentage of total count
                 A         B        C        D         E       F
            +---------+---------+-------+---------+---------+-------
      Total |     260 |     254 |  49.4 |      39 |      13 |  25.0
            +---------+---------+-------+---------+---------+-------
        D:1 |      13 |       0 |   0.0 |       9 |       0 |   0.0
        D:2 |      42 |     220 |  84.0 |      16 |       1 |   5.9
        D:3 |      32 |      34 |  51.5 |      10 |      12 |  54.5
        D:4 |     173 |       0 |   0.0 |       4 |       0 |   0.0
            +---------+---------+-------+---------+---------+-------
